 Dungeon Crawl Stone Soup version 0.24-a0-446-g87df720 (webtiles) character file.

Game seed: 1272647728075879030

562 ssg the Skirmisher (level 7, -6/56 HPs)
             Began as a Demonspawn Gladiator on June 24, 2019.
             Was a Believer of Makhleb.
             Mangled by an ogre
             ... wielding a +0 giant club
              (25 damage)
             ... on level 4 of the Dungeon.
             The game lasted 00:05:38 (2903 turns).

ssg the Skirmisher (Demonspawn Gladiator)           Turns: 2903, Time: 00:05:38

Health: -6/56      AC:  6    Str: 16    XL:     7   Next: 10%
Magic:  0/11       EV: 10    Int: 10    God:    Makhleb [**....]
Gold:   163        SH:  0    Dex: 14    Spells: 11/11 levels left

rFire    . . .     SeeInvis .   a - +0 long sword
rCold    . . .     Gourm    .   (no shield)
rNeg     . . .     Faith    .   o - +0 scale mail (curse)
rPois    .         Spirit   +   (helmet restricted)
rElec    .         Reflect  .   (no cloak)
rCorr    .         Harm     .   (no gloves)
MR       .....                  (no boots)
Stlth    ..........             h - amulet of regeneration
HPRegen  0.58/turn              (no ring)
MPRegen  0.24/turn              (no ring)

@: no status effects
A: horns 2, magic shield, magic regeneration
a: Minor Destruction, Renounce Religion


You were on level 4 of the Dungeon.
You worshipped Makhleb.
Makhleb was pleased with you.
You were not hungry.

You visited 1 branch of the dungeon, and saw 4 of its levels.

You collected 163 gold pieces.

Inventory:

Hand Weapons
 a - a +0 long sword (weapon)
Missiles
 d - a throwing net
 s - 8 boomerangs (quivered)
Armour
 b - a +0 leather armour
 c - a +0 helmet
 o - a cursed +0 scale mail (worn)
Jewellery
 h - an amulet of regeneration (around neck)
 v - an uncursed ring of resist corrosion {unknown}
Wands
 w - a wand of random effects (8)
Scrolls
 g - 4 scrolls of remove curse
 i - 2 scrolls of enchant weapon {unknown}
 k - 2 scrolls of fear {unknown}
 m - a scroll of fog {unknown}
 q - a scroll of immolation {unknown}
 r - a scroll of noise {unknown}
 u - a scroll of enchant armour {unknown}
 x - a scroll of random uselessness {unknown}
Potions
 e - 2 potions of berserk rage
 j - a potion of ambrosia
 l - a potion of magic {unknown}
 n - 3 potions of agility
 p - a potion of curing {unknown}
 t - a potion of invisibility {unknown}
Comestibles
 f - 5 rations
 z - a chunk of flesh


   Skills:
 + Level 5.2 Fighting
 + Level 3.6 Long Blades
 - Level 1.7 Throwing
 + Level 2.0 Armour
 - Level 2.6 Dodging
 - Level 2.7 Spellcasting
 + Level 3.2 Invocations


You had 11 spell levels left.
You didn't know any spells.
Your spell library was empty.

Dungeon Overview and Level Annotations

Branches:
Dungeon (4/15)
 Temple: D:4-7

Altars:
Makhleb
Nemelex Xobeh
Qazlal
Vehumet
Xom

Annotations:
D:3 2 runed translucent doors, Tokanova's ghost, amateur HaSk


Innate Abilities, Weirdness & Mutations

You have a pair of horns on your head.
When hurt, damage is shared between your health and your magic reserves.
You regenerate magic rapidly.


Message History

The ogre is lightly wounded.
The ogre misses you.
You riposte.
You barely miss the ogre. You headbutt the ogre.
The ogre is lightly wounded.
Your scale mail prevents you from hitting the ogre.
The ogre is lightly wounded.
The ogre hits you with a +0 giant club!!
You slash the ogre!
The ogre is moderately wounded.
The ogre hits you with a +0 giant club!
You slash the ogre!
The ogre is severely wounded.
The ogre hits you with a +0 giant club.
You barely miss the ogre.
The ogre is severely wounded.
The ogre hits you with a +0 giant club!
You slash the ogre!
The ogre is almost dead.
The ogre hits you with a +0 giant club!!
You die...

#.# #.# ..# #.#
#.# #.# #.#
#######.# #.#
..)÷....### #.#
..........# #.#
#########.# #O#
.
#.######@####.#
#.
#....†........#
#
#........######
#.######## #.#
#.# #.# #.# #.


You could see an ogre.

Vanquished Creatures
  Sigmund (D:2)
  A centaur (D:3)
  A hound (D:4)
  2 orc priests (D:3)
  A bullfrog skeleton (D:3)
  2 orc wizards
  4 adders
  An ooze (D:1)
  A worm (D:2)
  2 dart slugs
  A leopard gecko (D:2)
  8 orcs
  2 ball pythons
  4 giant cockroaches
  8 goblins
  9 hobgoblins
  8 jackals
  3 quokkas
  5 bats
  2 frilled lizards
  4 kobolds
  31 rats
101 creatures vanquished.

Notes
Turn   | Place    | Note
-------+----------+-------------------------------------------
     0 | D:1      | ssg the Demonspawn Gladiator began the quest for the Orb.
     0 | D:1      | Reached XP level 1. HP: 16/16 MP: 1/1
   338 | D:1      | Gained mutation: When hurt, damage is shared between your
                  | health and your magic reserves. [demonic ancestry]
   338 | D:1      | Reached XP level 2. HP: 23/23 MP: 2/2
   424 | D:1      | Reached skill level 3 in Fighting
   948 | D:2      | Noticed Sigmund
   960 | D:2      | Killed Sigmund
   960 | D:2      | Reached skill level 4 in Fighting
   960 | D:2      | Gained mutation: You have a pair of small horns on your
                  | head. [demonic ancestry]
   960 | D:2      | Reached XP level 3. HP: 31/31 MP: 2/7
   960 | D:2      | Gained mutation: You regenerate magic rapidly. [demonic
                  | ancestry]
   960 | D:2      | Reached XP level 4. HP: 38/38 MP: 2/8
   960 | D:2      | Reached XP level 5. HP: 43/43 MP: 2/9
  1198 | D:2      | Found a burning altar of Makhleb.
  1198 | D:2      | Found a radiant altar of Vehumet.
  1209 | D:2      | Became a worshipper of Makhleb the Destroyer
  1639 | D:3      | Reached skill level 1 in Invocations
  1661 | D:3      | Reached * piety under Makhleb
  1735 | D:3      | Reached XP level 6. HP: 38/50 MP: 6/10
  1791 | D:3      | Found a sparkling altar of Nemelex Xobeh.
  1791 | D:3      | Found a shimmering altar of Xom.
  1791 | D:3      | Found a stormy altar of Qazlal.
  1937 | D:3      | Reached skill level 1 in Armour
  2044 | D:3      | Reached skill level 5 in Fighting
  2078 | D:3      | Found a large runed translucent door.
  2078 | D:3      | Found a large runed translucent door.
  2088 | D:3      | Noticed Tokanova's ghost (amateur HaSk)
  2770 | D:4      | Gained mutation: You have a pair of horns on your head.
                  | [demonic ancestry]
  2770 | D:4      | Reached XP level 7. HP: 50/56 MP: 9/11
  2893 | D:4      | Reached ** piety under Makhleb
  2903 | D:4      | Mangled by an ogre

Levels and vault maps discovered:
D:1:      giann_wishing_wells, layout_loops_ring, due_unseen_surprise
D:2:      layout_basic, gammafunk_temple_overflow_statue, minmay_rat_hole,
          uniq_sigmund
D:3:      layout_basic, gammafunk_temple_overflow_forgotten,
          ebering_ghost_disaster_area, first_ration
D:4:      layout_loops_ring, corexii_shack

Skill      XL: |  1  2  3  4  5  6  7 |
---------------+----------------------+-----
Fighting       | 4 5 |  5.2
Spellcasting   | 2 |  2.7
Long Blades    | 3 |  3.6
Invocations    | 1 3 |  3.2
Armour         | 1 2 |  2.0
Throwing       | |  1.7
Dodging        | |  2.6

Action                   |  1- 3 |  4- 6 |  7- 9 || total
-------------------------+-------+-------+-------++-------
Melee: Long sword        |    53 |   170 |    28 ||   251
       Headbutt          |       |    33 |     6 ||    39
Throw: Throwing net      |       |     2 |       ||     2
       Boomerang         |       |    10 |       ||    10
  Use: Scroll            |     3 |     2 |       ||     5
       Potion            |     1 |       |       ||     1
 Stab: Held in net/web   |       |     1 |       ||     1
       Sleeping          |       |     1 |       ||     1
  Eat: Chunk             |       |     6 |     1 ||     7
Armor: Leather armour    |    19 |    18 |       ||    37
       Skin              |     3 |       |       ||     3
       Scale mail        |       |    68 |     3 ||    71
Dodge: Dodged            |    38 |   120 |    17 ||   175
       Rpst.: Long sword |    15 |    37 |     5 ||    57

Table legend:
 A = Non-vault XP
 B = Vault XP
 C = Vault XP percentage of total XP
 D = Non-vault monster count
 E = Vault monster count
 F = Vault count percentage of total count
                 A         B        C        D         E       F
            +---------+---------+-------+---------+---------+-------
      Total |     556 |     247 |  30.8 |      81 |      20 |  19.8
            +---------+---------+-------+---------+---------+-------
        D:1 |      38 |       0 |   0.0 |      21 |       0 |   0.0
        D:2 |      25 |     247 |  90.8 |      11 |      20 |  64.5
        D:3 |     374 |       0 |   0.0 |      39 |       0 |   0.0
        D:4 |     119 |       0 |   0.0 |      10 |       0 |   0.0
            +---------+---------+-------+---------+---------+-------
